 Dungeon Crawl Stone Soup version 0.16.1-51-g6203257 (webtiles) character file.

363 namelastname112 the Insei (level 6, 0/45 HPs)
             Began as a Draconian Venom Mage on Aug 5, 2015.
             Was a Follower of Nemelex Xobeh.
             Succumbed to a kobold's poison
             ... on level 5 of the Dungeon.
             The game lasted 00:08:11 (4269 turns).

namelastname112 the Insei (Draconian Venom Mage)    Turns: 4269, Time: 00:08:11

Health: 0/45       AC:  9    Str: 16    XL:     6   Next: 39%
Magic:  8/10       EV: 12    Int: 15    God:    Nemelex Xobeh [*.....]
Gold:   159        SH:  0    Dex: 13    Spells: 1 memorised, 8 levels left

rFire  + . .     SeeInvis .       - Unarmed
rCold  + . .     Clarity  +     (armour unavailable)
rNeg   . . .     SustAb   .     (no shield)
rPois  +         Gourm    .     f - +2 hat
rElec  +         Spirit   .     (no cloak)
rCorr  +         Warding  .     s - +0 pair of gloves
rMut   .         Stasis   .     (no boots)
MR     .....                    k - amulet of clarity
Stlth  ++........               (no ring)
                                (no ring)

@: mighty, lethally poisoned (0 -> -2), exhausted, resistant, cleaving, slowed,
very slow, not resistant to hostile enchantments, unstealthy
A: unfitting armour, cold-blooded, AC +6
a: Renounce Religion


You were on level 5 of the Dungeon.
You worshipped Nemelex Xobeh.
Nemelex Xobeh was aware of your devotion.
You were very hungry.

You visited 1 branch of the dungeon, and saw 5 of its levels.

You collected 159 gold pieces.

Inventory:

Hand weapons
 i - a +1 short sword of speed
Armour
 f - a +2 hat (worn)
 s - a +0 pair of gloves (worn)
Jewellery
 k - an amulet of clarity (around neck)
 r - an uncursed amulet of warding
Scrolls
 a - 3 scrolls of remove curse
 e - 2 scrolls of blinking
Potions
 j - a potion of agility
 p - a potion of invisibility
 t - a potion of poison
Books
 b - a Young Poisoner's Handbook

   Spells                             Type                      Level
   a - Sting                          Conjuration/Poison           1
   b - Cure Poison                    Poison                       2
   c - Mephitic Cloud                 Conjuration/Poison/Air       3
   d - Olgreb's Toxic Radiance        Poison                       4
   e - Venom Bolt                     Conjuration/Poison           5
Miscellaneous
 u - a plain deck of destruction {drawn: 4}
Comestibles
 c - 2 bread rations
 d - a chunk of flesh
 m - 2 beef jerkies
 x - a meat ration


   Skills:
 - Level 1.7 Dodging
 - Level 1.7 Stealth
 + Level 6.4 Unarmed Combat
 - Level 2.0 Spellcasting
 - Level 4.0 Poison Magic


You had 8 spell levels left.
You knew the following spells:

 Your Spells              Type           Power        Failure   Level  Hunger
z - Sting                 Conj/Pois      #...         12%         1    #......


Dungeon Overview and Level Annotations

Branches:
Dungeon (5/15)
 Temple: D:4-7

Altars:
Gozag
Nemelex Xobeh
Trog
Xom
Zin


Innate Abilities, Weirdness & Mutations

Your plain brown scales are hard (AC +6).
Your body does not fit into most forms of armour.
Your cold-blooded metabolism reacts poorly to cold.


Message History

The deck of cards disappears in a puff of smoke.
Your hands look oddly sharp.
* * * LOW HITPOINT WARNING * * *
You feel sick.
Evoke which item? (* to show all) (? for menu, Esc to quit)
You don't have any such object.
Evoke which item? (* to show all) (? for menu, Esc to quit)
Okay, then.
Use which ability? (? or * to list)
Okay, then.
Evoke which item? (* to show all) (? for menu, Esc to quit)
Okay, then.
You swap places.
Your fortitude fades away.
* * * LOW HITPOINT WARNING * * *
You feel sick.
Drink which item? (? for menu, Esc to quit)
You feel protected.
You die...
Your body disappears without a glow.

.......+.........##.#
..##########..###.........##†#
.......)..........#.########.#
.....###..#.#.###.#.# #.### .
#..#.#..##.#.########.#..
#..#.#..##.#.....[..#.#.#
#..#.#...#<########)#.#.#
#....#...### #.#.#.#
##.###)#@##########.#.#.# ...
#.#..#...).....#.#.# #.#
#.##4#.#########.#.#
#..Yh≈≈≈#........#.#
####.h≈≈#.########.# ###≈≈≈#(#
#.# +#...#...#.# #.#
......##..#.########.#
.......##..#.#........#


You could see a friendly rust devil, a friendly raiju and a friendly hell hound.

Vanquished Creatures
  An eye of draining (D:4)
  An orc wizard (D:4)
  A worker ant (D:4)
  8 adders
  4 gnolls
  A giant mite (D:3)
  3 worms
  An adder skeleton (D:3)
  2 giant geckos
  9 orcs
  2 ball pythons
  3 giant cockroaches
  7 hobgoblins
  2 jackals (D:3)
  3 quokkas
  14 bats
  3 giant newts
  12 goblins
  11 kobolds
  12 rats
100 creatures vanquished.

Vanquished Creatures (others)
  A hound (D:4)
  A bat (D:1)
2 creatures vanquished.

Grand Total: 102 creatures vanquished

Notes
Turn   | Place    | Note
--------------------------------------------------------------
     0 | D:1      | namelastname112, the Draconian Venom Mage, began the quest for the Orb.
     0 | D:1      | Reached XP level 1. HP: 14/14 MP: 3/3
   152 | D:1      | Reached skill level 1 in Unarmed Combat
   364 | D:1      | Reached XP level 2. HP: 15/20 MP: 4/4
  1121 | D:2      | Reached XP level 3. HP: 24/26 MP: 0/6
  1518 | D:2      | Found an opulent altar of Gozag.
  1861 | D:3      | Found a sparkling altar of Nemelex Xobeh.
  1881 | D:3      | Reached XP level 4. HP: 33/33 MP: 5/7
  1899 | D:3      | Became a worshipper of Nemelex Xobeh the Trickster
  2121 | D:3      | Received a gift from Nemelex Xobeh
  2596 | D:3      | Found a bloodstained altar of Trog.
  2889 | D:4      | Reached XP level 5. HP: 38/38 MP: 9/9
  3044 | D:4      | Reached skill level 5 in Unarmed Combat
  3337 | D:4      | Found a shimmering altar of Xom.
  3337 | D:4      | Noticed an angel
  3344 | D:4      | Found a glowing silver altar of Zin.
  3359 | D:4      | Found a bloodstained altar of Trog.
  3359 | D:4      | Noticed an eye of draining
  3395 | D:4      | Killed an eye of draining
  3395 | D:4      | Reached skill level 6 in Unarmed Combat
  3395 | D:4      | Reached XP level 6. HP: 45/45 MP: 0/10
  3488 | D:4      | Received a gift from Nemelex Xobeh
  3796 | D:5      | Entered Level 5 of the Dungeon
  4263 | D:5      | HP: 2/45 [poisoned by a kobold]
  4269 | D:5      | Succumbed to a kobold's poison

Action                   |  1- 3 |  4- 6 || total
-------------------------+-------+-------++-------
Melee: Unarmed           |    57 |    38 ||    95
       Short sword       |    48 |   146 ||   194
 Cast: Sting             |    45 |    77 ||   122
Evoke: Deck              |       |     9 ||     9
  Use: Scroll            |       |    13 ||    13
       Potion            |       |     4 ||     4
 Stab: Sleeping          |     1 |     1 ||     2
  Eat: Chunk             |     3 |     4 ||     7
       Bread ration      |     1 |       ||     1
       Pizza             |       |     1 ||     1
